 Dungeon Crawl Stone Soup version 0.26.1-2-gb8aa6d0cf2 (webtiles) character file.

Game seed: 9203697405997428371

9672 promet the Ogre Mage (level 11, -1/109 HPs)
             Began as an Ogre Hedge Wizard on Feb 16, 2021.
             Was a Priest of Qazlal.
             Slain by a troll (3 damage)
             ... on level 10 of the Dungeon on Feb 17, 2021.
             The game lasted 02:34:42 (17393 turns).

promet the Ogre Mage (Ogre Hedge Wizard)           Turns: 17393, Time: 02:34:42

Health: -1/109     AC:  6    Str: 16    XL:     11   Next: 50%
Magic:  24/24      EV: 15    Int: 18    God:    Qazlal [***...]
Gold:   727        SH:  4    Dex:  8    Spells: 16/29 levels left

rFire    x . .     SeeInvis .   a - +4 trident (freeze)
rCold    + . .     Faith    .   (no shield)
rNeg     . . .     Spirit   .   t - +1 robe {Will+}
rPois    .         Reflect  .   c - +0 hat
rElec    .         Harm     .   j - +1 cloak
rCorr    .         Rampage  .   (gloves unavailable)
Will     ++...                  (boots unavailable)
Stlth    +.........             k - amulet of regeneration
HPRegen  0.68/turn              q - +4 ring of evasion
MPRegen  0.19/turn              C - ring of ice

@: no status effects
A: large, unfitting armour, tough skin 1
a: Renounce Religion, Upheaval, Elemental Force


You were on level 10 of the Dungeon.
You worshipped Qazlal.
Qazlal was most pleased with you.
You visited 2 branches of the dungeon, and saw 12 of its levels.

You collected 1094 gold pieces.
You spent 367 gold pieces at shops.

Inventory:

Hand Weapons
 a - a +4 trident of freezing (weapon)
 b - a +0 longbow
 h - a +3 morningstar
 i - a +2 vorpal spear
 s - the cursed +0 whip "Mafy" {vorpal, +Blink rF+ Dex+2}
   (You found it on level 1 of the Lair of Beasts)

   It inflicts extra damage upon your enemies.
   It affects your dexterity (+2).
   It protects you from fire.
   It lets you blink.
   It has a curse placed upon it.
 u - a +0 scythe of venom
 w - a +3 hand axe
 E - a +0 battleaxe
 L - a +4 great sword
 R - a +4 dagger
 T - a +3 whip
Missiles
 e - 164 sling bullets
 g - 461 stones
 n - 302 arrows
 p - 10 boomerangs
 B - 58 bolts
 V - 4 javelins
 W - a throwing net
Armour
 c - a +0 hat (worn)
 j - a +1 cloak (worn)
 t - a +1 robe of willpower (worn)
Magical Staves
 H - an uncursed staff of death
Jewellery
 k - an amulet of regeneration (around neck)
 q - a +4 ring of evasion (left hand)
 y - an uncursed ring of positive energy
 C - a ring of ice (right hand)
 N - an uncursed ring of flight
Wands
 o - a wand of random effects (23)
 A - a wand of flame (18)
 G - a wand of polymorph (12)
 I - a wand of acid (9)
Scrolls
 l - a scroll of teleportation
 v - 2 scrolls of summoning
 z - 2 scrolls of amnesia
 D - a scroll of fear
 K - 2 scrolls of fog
 O - a scroll of identify
 P - a scroll of remove curse
 S - 2 scrolls of blinking
Potions
 d - 3 potions of might
 f - 2 potions of magic
 m - a potion of mutation
 r - 3 potions of curing
 x - 2 potions of attraction
 F - 2 potions of flight
 J - a potion of heal wounds
 M - a potion of haste
 Q - 2 potions of cancellation
 U - a potion of degeneration {unknown}


   Skills:
 + Level 7.5 Fighting
 + Level 0.9(1.0) Short Blades
 + Level 0.3(0.6) Long Blades
 + Level 0.5(2.0) Maces & Flails
 + Level 6.5(6.9) Polearms
 + Level 3.4(5.4) Staves
 + Level 4.7 Bows
 + Level 5.3 Dodging
 + Level 3.2 Stealth
 + Level 1.7 Shields
 + Level 0.2 Unarmed Combat
 + Level 9.6 Spellcasting
 + Level 2.8 Conjurations
 + Level 0.7 Hexes
 + Level 5.6 Summonings
 + Level 2.2 Translocations
 + Level 0.6 Air Magic
 + Level 0.6 Poison Magic
 + Level 1.3 Invocations
 + Level 0.7 Evocations


You had 16 spell levels left.
You knew the following spells:

 Your Spells              Type           Power        Failure   Level
a - Magic Dart            Conj           72%          2%          1
b - Blink                 Tloc           N/A          4%          2
c - Call Imp              Summ           29%          1%          2
d - Slow                  Hex            11%          10%         2
e - Conjure Flame         Conj/Fire      13%          14%         3
f - Mephitic Cloud        Conj/Pois/Air  13%          14%         3

Your spell library contained the following spells:

 Spells                   Type           Power        Failure   Level
 Chain Lightning          Conj/Air       7%           100%        8
 Lehudib's Crystal Spear  Conj/Erth      6%           100%        8
 Absolute Zero            Ice            6%           100%        9
 Fire Storm               Conj/Fire      6%           100%        9


Dungeon Overview and Level Annotations

Branches:
Dungeon (11/15)            Temple (0/1) D:6            Lair (1/6) D:10
    Orc: D:9-12

Altars:
Cheibriados
Dithmenos
Elyvilon
Fedhas
Gozag
Hepliaklqana
Kikubaaqudgha
Qazlal
Ru
Sif Muna
Uskayaw
Vehumet
Wu Jian
Xom
Yredelemnul

Shops:
D:4 ?[   D:6 (   D:7 *   D:10 (

Annotations:
D:5 2 transporters, sapthan's ghost, novice TrMo
D:9 exclusion: ice statue, Erica
Lair:1 Fannar; Urug


Innate Abilities, Weirdness & Mutations

You are too large for most types of armour.
You have tough skin. (AC +1)


Message History

You barely miss the troll.
The troll is almost dead.
You block the troll's attack. The troll claws you! The troll misses you.
You hit the troll. You freeze the troll.
The troll is almost dead.
The troll bites you!!
* * * LOW HITPOINT WARNING * * *
The troll claws you but does no damage. You block the troll's attack.
You closely miss the troll.
The troll is almost dead.
You block the troll's attack. The troll claws you!
* * * LOW HITPOINT WARNING * * *
The troll claws you!
* * * LOW HITPOINT WARNING * * *
You barely miss the troll.
The troll is almost dead.
You closely miss the troll.
The troll is almost dead.
The troll bites you.
You die...

..........[..................#
.....##...[..................#
.....##..[...................#
......#......................#
.............................#
...................>...[.....#
......#......................#
......#........§°............#
...P..#.........@§...........#
......#..........T...........#
.....##......................#
.....##......................#
P...###......................#
..P.# #......................#
....# #......................#
.##.#
#......................####
.##.#
#.......)..................


You could see a troll.

Vanquished Creatures
  2 two-headed ogres
  Maggie (D:6)
  A cane toad (Lair:1)
  A meliai (shapeshifter) (D:10)
  2 trolls
  A yak (D:10)
  6 water moccasins
  2 orc warriors
  A sky beast (D:6)
  2 phantoms
  3 ice beasts
  5 black bears
  4 centaurs
  7 ogres
  6 bullfrogs
  A wyvern skeleton (D:8)
  7 killer bees
  9 howler monkeys
  13 wights
  A centaur zombie (D:9)
  2 bullfrog zombies
  A quasit (D:10)
  2 centaur skeletons
  2 hounds
  2 jellies
  6 orc priests
  8 orc wizards
  3 iguanas
  9 worker ants
  A howler monkey zombie (D:8)
  3 worker ant zombies
  4 gnolls (D:7)
  3 adders
  2 shadow imps
  A white imp (D:7)
  An ufetubus (D:9)
  2 oozes
  2 adder skeletons (D:5)
  2 worms
  3 leopard geckos
  33 orcs
  5 bats
  13 giant cockroaches
  4 goblins
  7 hobgoblins
  12 jackals
  7 quokkas
  A ball python skeleton (D:5)
  5 frilled lizards
  A jackal skeleton (D:8)
  5 kobolds
  A leopard gecko skeleton (D:4)
  5 rats
233 creatures vanquished.

Vanquished Creatures (collateral kills)
  A two-headed ogre (D:9)
  A troll (D:10)
  Sigmund (D:4)
  2 basilisks (D:10)
  Edmund (D:6)
  A water moccasin (D:10)
  A phantom (D:9)
  3 ogres
  A bullfrog (D:9)
  2 killer bees (D:8)
  A howler monkey (D:10)
  2 orc wizards
  A centaur skeleton (D:8)
  An orc priest (D:3)
  A jelly (D:9)
  Crazy Yiuf (D:2)
  Jessica (D:2)
  2 iguanas
  A worker ant (D:9)
  3 adders
  A white imp (D:6)
  A worm (D:3)
  2 dart slugs
  A leopard gecko (D:1)
  15 orcs
  A ball python (D:2)
  A giant cockroach (D:5)
  A goblin (D:3)
  A hobgoblin (D:1)
  2 jackals
  2 quokkas
  A rat (D:3)
57 creatures vanquished.

Vanquished Creatures (others)
  60 fungi
  56 plants
116 creatures vanquished.

Grand Total: 406 creatures vanquished

Notes
Turn   | Place    | Note
-------+----------+-------------------------------------------
     0 | D:1      | promet the Ogre Hedge Wizard began the quest for the Orb.
     0 | D:1      | Reached XP level 1. HP: 16/16 MP: 5/5
   139 | D:1      | Reached XP level 2. HP: 14/24 MP: 0/6
   143 | D:1      | Learned a level 2 spell: Blink
   146 | D:1      | Learned a level 2 spell: Call Imp
   322 | D:1      | Reached skill level 4 in Spellcasting
  1327 | D:2      | Reached XP level 3. HP: 27/31 MP: 8/8
  1541 | D:2      | Found a faded altar of an unknown god.
  1577 | D:2      | Found a white marble altar of Elyvilon.
  1587 | D:2      | Noticed Jessica
  1588 | D:2      | Found a snail-covered altar of Cheibriados.
  1590 | D:2      | Found a shadowy altar of Dithmenos.
  1593 | D:2      | Found a shimmering blue altar of Sif Muna.
  1596 | D:2      | Found a hazy altar of Hepliaklqana.
  1626 | D:2      | Killed Jessica
  1627 | D:2      | Reached skill level 1 in Conjurations
  1627 | D:2      | Reached skill level 1 in Summonings
  1843 | D:2      | Learned a level 2 spell: Slow
  1844 | D:2      | Found a blossoming altar of Fedhas.
  1883 | D:2      | Reached XP level 4. HP: 40/40 MP: 10/10
  2147 | D:2      | Found a runed translucent door.
  2207 | D:2      | Noticed Crazy Yiuf
  2411 | D:2      | Killed Crazy Yiuf
  2500 | D:3      | Reached skill level 1 in Fighting
  2518 | D:2      | Reached XP level 5. HP: 33/48 MP: 4/12
  2650 | D:2      | Reached skill level 5 in Spellcasting
  3549 | D:3      | Found an opulent altar of Gozag.
  3868 | D:4      | Reached skill level 1 in Staves
  3868 | D:4      | Reached XP level 6. HP: 55/55 MP: 3/13
  4067 | D:4      | Found Durisar's Magic Scroll Boutique.
  4085 | D:4      | Bought a scroll of teleportation for 42 gold pieces
  4097 | D:4      | Found a glowing drain.
  4595 | D:4      | Noticed Sigmund
  4614 | D:4      | Killed Sigmund
  4676 | D:4      | Found Pami Yneen's Armour Emporium.
  4773 | D:4      | Reached XP level 7. HP: 16/66 MP: 11/15
  4868 | D:4      | Bought a scroll of identify for 28 gold pieces
  5005 | D:5      | Entered Level 5 of the Dungeon
  5100 | D:5      | Noticed a hornet
  5134 | D:5      | Found a transporter.
  5136 | D:5      | Found a transporter.
  5139 | D:5      | Noticed sapthan's ghost (novice TrMo)
  5182 | D:5      | Reached skill level 6 in Spellcasting
  5476 | D:5      | Reached skill level 1 in Bows
  5570 | D:5      | Found a stormy altar of Qazlal.
  5578 | D:5      | Became a worshipper of Qazlal Stormbringer
  5943 | D:5      | Reached XP level 8. HP: 36/75 MP: 10/17
  6106 | D:6      | Learned a level 3 spell: Conjure Flame
  6110 | D:6      | Learned a level 3 spell: Mephitic Cloud
  6274 | D:6      | Noticed Edmund
  6461 | D:6      | Killed Edmund
  6806 | D:6      | Found a staircase to the Ecumenical Temple.
  6835 | D:6      | Noticed Maggie
  6898 | D:6      | Killed Maggie
  6899 | D:6      | Reached skill level 1 in Polearms
  6899 | D:6      | Reached skill level 7 in Spellcasting
  7149 | D:6      | Reached * piety under Qazlal
  7585 | D:6      | Reached XP level 9. HP: 65/84 MP: 11/19
  7685 | D:6      | Found Noshrufo's Weapon Shoppe.
  8812 | D:7      | Found Kukoutt's Assorted Antiques.
  8820 | D:7      | Bought a scroll labelled MOLAOPSAVI for 15 gold pieces
  8820 | D:7      | Bought a scroll labelled KAVOTT KANEALE for 15 gold pieces
  8820 | D:7      | Bought 2 bubbling blue potions for 27 gold pieces
  8820 | D:7      | Bought a scroll labelled SARCHURPH HACU for 15 gold pieces
  8836 | D:7      | Acquired 283 gold pieces
  8859 | D:7      | Bought a metal-bound book for 225 gold pieces
  9330 | D:7      | Found a shimmering altar of Xom.
  9892 | D:8      | Reached skill level 5 in Fighting
 10370 | D:7      | Reached ** piety under Qazlal
 10427 | D:7      | Reached skill level 8 in Spellcasting
 10841 | D:8      | Noticed a troll
 11099 | D:7      | Killed a troll
 11100 | D:7      | Reached XP level 10. HP: 61/97 MP: 9/22
 11447 | D:8      | Found a basalt altar of Yredelemnul.
 11779 | D:9      | Found a sacrificial altar of Ru.
 11896 | D:9      | Noticed a two-headed ogre
 11897 | D:9      | Noticed a two-headed ogre
 12000 | D:8      | Reached skill level 5 in Summonings
 12209 | D:8      | Killed a two-headed ogre
 12210 | D:8      | Reached skill level 1 in Translocations
 12416 | D:9      | HP: 3/98 [two-headed ogre/+0 giant club (9)]
 12910 | D:9      | Killed a two-headed ogre
 12911 | D:9      | Reached skill level 5 in Polearms
 12911 | D:9      | Reached skill level 9 in Spellcasting
 12984 | D:9      | Noticed a two-headed ogre
 13116 | D:9      | Found a radiant altar of Vehumet.
 13206 | D:9      | Reached skill level 5 in Dodging
 13247 | D:9      | Noticed Erica
 13389 | D:9      | Found a hide-covered altar of Uskayaw.
 13392 | D:9      | Found an ancient bone altar of Kikubaaqudgha.
 13393 | D:9      | Found an ornate altar of the Wu Jian Council.
 13442 | D:9      | Killed a two-headed ogre
 13442 | D:9      | Reached *** piety under Qazlal
 13443 | D:9      | Reached skill level 1 in Shields
 13443 | D:9      | Reached XP level 11. HP: 83/109 MP: 21/24
 13815 | D:10     | Entered Level 10 of the Dungeon
 14997 | D:10     | Reached **** piety under Qazlal
 15099 | D:10     | Found a staircase to the Lair.
 15260 | D:10     | Found Wetror's Antique Weapon Shop.
 15331 | Lair:1   | Entered Level 1 of the Lair of Beasts
 15667 | Lair:1   | Reached skill level 1 in Invocations
 15712 | Lair:1   | Got a slimy whip
 15713 | Lair:1   | Identified the cursed +0 whip "Mafy" {vorpal, +Blink rF+
                  | Dex+2} (You found it on level 1 of the Lair of Beasts)
 15796 | Lair:1   | Noticed Fannar
 15812 | Lair:1   | Noticed Urug
 16464 | Lair:1   | Noticed Harold
 17366 | D:11     | Noticed a boulder beetle
 17391 | D:10     | HP: 1/109 [troll (7)]
 17393 | D:10     | Slain by a troll

Illustrated notes

Levels and vault maps discovered:
D:1:      dpeg_arrival_windows_large_door, layout_basic
D:2:      layout_basic, grunt_temple_overflow_open,
          chequers_ecumenical_altar_grove, fedhas_altar_2,
          uniq_crazy_yiuf_cottage, uniq_jessica
D:3:      layout_loops_ring, grunt_gozag_statues, minmay_misc_feat_nine_boxes
D:4:      kennysheep_six_static_rooms, layout_basic, serial_shops,
          nicolae_shop_temple_entry_statues_fountains, shop,
          gup_sewer_entry_glass, kennysheep_dice, uniq_sigmund
D:5:      layout_loops_ring, nicolae_qazlal_eye_of_the_storm,
          gammafunk_ghost_hive, minmay_liquid_box
D:6:      layout_basic, minmay_temple_entry_enclosed_plants, serial_shops, shop,
          dk_rats_in_the_wall, uniq_maggie, uniq_edmund
D:7:      layout_layer_cave, lemuel_round_altar, serial_shops, shop,
          minmay_misc_feat_columns, kennysheep_generic_room_5
D:8:      layout_cave_pools, lemuel_round_altar
D:9:      lemuel_ice_statue, layout_rooms, overflow_temple_1_default,
          nicolae_overflow_hidden_temple, gammafunk_temple_overflow_forgotten,
          uniq_erica
D:10:     layout_basic, due_lair_maze_entry_diamond, serial_shops, shop_statue,
          minmay_lizard_king
D:11:     layout_loops_corners, erik_orc_2, serial_shops, shop_statue, uniq_grum
Lair:1:   layout_chaotic_city, minivault_24, minmay_holes, uniq_urug,
          uniq_harold, uniq_fannar

Skill      XL: |  1  2  3  4  5  6  7  8  9 10 11 |
---------------+----------------------------------+-----
Dodging        | 2 3 4 5 |  5.3
Spellcasting   | 4 5 6 7 8 9 |  9.6
Conjurations   | 1 2 |  2.8
Summonings     | 1 2 3 4 5 |  5.6
Fighting       | 1 2 3 4 5 7 |  7.5
Staves         | 1 2 3 |  3.4
Stealth        | 2 3 |  3.2
Bows           | 1 2 3 4 |  4.7
Polearms       | 2 4 5 6 |  6.5
Translocations | 1 2 |  2.2
Shields        | 1 |  1.7
Invocations    | 1 |  1.3
Short Blades   | |  0.9
Long Blades    | |  0.3
Maces & Flails | |  0.5
Unarmed Combat | |  0.2
Hexes          | |  0.7
Air Magic      | |  0.6
Poison Magic   | |  0.6
Evocations     | |  0.7

Action                   |  1- 3 |  4- 6 |  7- 9 | 10-12 || total
-------------------------+-------+-------+-------+-------++-------
Melee: Dagger            |    10 |       |       |       ||    10
       Short sword       |    78 |    12 |       |       ||    90
       Quarterstaff      |       |    71 |    79 |    20 ||   170
       Mace              |       |     6 |     4 |       ||    10
       Scythe            |       |       |   111 |   125 ||   236
       Staff             |       |       |     7 |       ||     7
       Unarmed           |       |       |     3 |       ||     3
       Trident           |       |       |    41 |   246 ||   287
       Great sword       |       |       |     2 |       ||     2
       Battleaxe         |       |       |       |     6 ||     6
 Fire: Longbow           |       |    10 |    79 |    74 ||   163
 Cast: Magic Dart        |    31 |    53 |    44 |    23 ||   151
       Call Imp          |    12 |    36 |    69 |    69 ||   186
       Slow              |       |     1 |     3 |       ||     4
       Conjure Flame     |       |       |     5 |       ||     5
       Mephitic Cloud    |       |       |     3 |    16 ||    19
       Blink             |       |       |     1 |    12 ||    13
Invok: Elemental Force   |       |       |       |     1 ||     1
Evoke: Wand              |       |     1 |     2 |     1 ||     4
  Use: Scroll            |     2 |     8 |    14 |    16 ||    40
       Potion            |       |     4 |       |     6 ||    10
 Stab: Sleeping          |       |     2 |       |       ||     2
       Distracted        |       |       |     1 |     2 ||     3
       Confused          |       |       |       |     3 ||     3
Armor: Robe              |    36 |    25 |    46 |    94 ||   201
       Skin              |       |       |     1 |       ||     1
Dodge: Dodged            |    67 |    87 |   329 |   435 ||   918
Block: Other             |       |       |    16 |   104 ||   120
       Rpst.: Great sword |       |       |     4 |       ||     4
